 Dungeon Crawl Stone Soup version 0.29.1-2-gbd0b4ee654 (webtiles) character file.

Game seed: 719095359309532092

327 Icepheonix32 the Chiller (level 6, -5/36 HPs)
             Began as an Octopode Ice Elementalist on Oct 31, 2022.
             Slain by Edmund
             ... wielding a +4 flail of protection
              (13 damage)
             ... on level 4 of the Dungeon.
             The game lasted 00:06:45 (4159 turns).

Icepheonix32 the Chiller (OpIE)                     Turns: 4159, Time: 00:06:45

Health: -5/36      AC:  9    Str:  7    XL:     6   Next: 50%
Magic:  3/9        EV: 13    Int: 19    God:
Gold:   285        SH:  0    Dex: 19    Spells: 2/9 levels left

rFire   x . .      SeeInvis .   c - +0 club
rCold   + + .      Faith    .   (no shield)
rNeg    . . .      Spirit   .   (helmet restricted)
rPois   .          Reflect  .   (no amulet)
rElec   .          Harm     .   d - +6 ring of dexterity
rCorr   .          Rampage  .   e - ring of ice
Will    .....                   u - ring of wizardry
Stlth   +++.......              m - ring of protection from cold
HPRegen 0.12/turn               (no ring)
MPRegen 0.11/turn               (no ring)
                                (no ring)
                                (no ring)

@: ice-armoured, freezing walls
A: almost no armour, amphibious, 8 rings, camouflage 1, gelatinous body 1,
(nimble swimmer 1), tentacles
a: no special abilities


You were on level 4 of the Dungeon.
You visited 1 branch of the dungeon, and saw 4 of its levels.

You collected 285 gold pieces.

Inventory:

Hand Weapons
 c - a +0 club (weapon)
 r - a +0 spear
Missiles
 v - 2 throwing nets
Jewellery
 d - a +6 ring of dexterity (left tentacle)
 e - a ring of ice (right tentacle)
 m - a ring of protection from cold (on tentacle)
 u - a ring of wizardry (on tentacle)
Wands
 y - a wand of paralysis (11)
Scrolls
 g - a scroll of noise {unknown}
 h - 4 scrolls of identify {unknown}
 j - a scroll of vulnerability {unknown}
 k - a scroll of teleportation {unknown}
 n - a scroll of blinking {unknown}
 o - a scroll of magic mapping {unknown}
 q - a scroll of enchant weapon {unknown}
 t - a scroll of poison {unknown}
 z - a scroll of fog {unknown}
Potions
 a - a potion of magic
 b - a potion of mutation {unknown}
 f - 2 potions of degeneration {unknown}
 i - 3 potions of curing {unknown}
 l - a potion of attraction {unknown}
 p - a potion of brilliance {unknown}
 s - a potion of invisibility {unknown}
 w - 4 potions of lignification {unknown}
 x - a potion of heal wounds {unknown}


   Skills:
 - Level 2.0 Dodging
 - Level 2.6 Stealth
 - Level 2.0 Spellcasting
 + Level 7.6 Ice Magic


You had 2 spell levels left.
You knew the following spells:

 Your Spells              Type           Power      Damage    Failure   Level
a - Freeze                Ice            100%       1d11      1%          1
b - Ozocubu's Armour      Ice            46%        N/A       1%          3
c - Frozen Ramparts       Ice            92%        1d14      1%          3

Your spell library contained the following spells:

 Spells                   Type           Power      Damage    Failure   Level
 Hailstorm                Conj/Ice       24%        3d7       14%         4


Dungeon Overview and Level Annotations

Branches:
Dungeon (4/15)
 Temple: D:4-7

Altars:
Dithmenos
Makhleb
The Shining One

Annotations:
D:3 2 transporters, Icepheonix32's ghost, amateur MiFi
D:4 2 transporters, Edmund


Innate Abilities, Weirdness & Mutations

You cannot wear most types of armour.
You are amphibious.
You can wear up to eight rings at the same time.
Your skin changes colour to match your surroundings (Stealth+).
Your rubbery body absorbs attacks. (AC +1, EV +1)
((You are camouflaged when in or above water. (Stealth+)))
You have tentacles for arms and can constrict up to eight enemies at once.


Message History

Found a potion of resistance.
Found 17 gold pieces.
There is a transporter here.
Edmund the Younger comes into view.
He is wielding a +4 flail of protection.
Found a brown potion.
The helpless Edmund fails to defend himself.
You hit Edmund but do no damage. You grab Edmund.
You constrict Edmund, but do no damage.
Edmund hits you with a +4 flail of protection!
You release your grip on Edmund.
Casting: Freeze (safe; 1% risk of failure)
Confirm with . or Enter, or press ? or * to list all spells.
You feel a surge of power! A film of ice covers your body!
Edmund barely misses you.
Unknown command.
Casting: Ozocubu's Armour (safe; 1% risk of failure)
Confirm with . or Enter, or press ? or * to list all spells.
Casting: Frozen Ramparts (safe; 1% risk of failure)
Press: ? - help, Dir - look around, f - activate You feel a surge of power!
The walls around you are covered in ice.
The wall freezes Edmund but does no damage.
Edmund hits you but does no damage.
Unknown command.
You hit Edmund but do no damage. Your grab misses Edmund.
You squeeze Edmund, but do no damage.
The wall freezes Edmund but does no damage.
Edmund hits you with a +4 flail of protection!
You hit Edmund but do no damage. Your grab misses Edmund.
The wall freezes Edmund but does no damage.
Edmund hits you with a +4 flail of protection.
The wall freezes Edmund.
Edmund hits you with a +4 flail of protection!
* * * LOW HITPOINT WARNING * * *
Unknown command.
You barely miss Edmund. You grab Edmund. You squeeze Edmund, but do no damage.
Edmund is lightly wounded.
You constrict Edmund.
The wall freezes Edmund.
Edmund hits you with a +4 flail of protection!
You die...

#...!...###......##
#..#©#..##..##.###
#°.....°##.##..#
#...°...##.##.####
#######......[.#
#####.©..##.#...#.##
..###...#....#......#.#
.....!..#...........#†#
.......@@.#####.....#.###
........### ##.........
##......# ###.####.###
#..$...# #...# #.#
######## #.### #.# ###.#
#.. #...# ### #.###
########.#


You could see Edmund.

Vanquished Creatures
  An ogre (D:3)
  A gnoll bouda (D:3)
  Jessica (D:2)
  An orc wizard (D:4)
  5 gnolls (D:3)
  4 adders
  A worm (D:3)
  3 dart slugs
  6 orcs
  3 bats
  5 endoplasms
  3 giant cockroaches
  6 goblins
  8 hobgoblins
  2 jackals (D:1)
  5 kobolds
  2 quokkas
  6 ball pythons
  5 frilled lizards
  5 rats
73 creatures vanquished.

Vanquished Creatures (others)
  26 plants (D:3)
26 creatures vanquished.

Grand Total: 99 creatures vanquished

Notes
Turn   | Place    | Note
-------+----------+-------------------------------------------
     0 | D:1      | Icepheonix32 the Octopode Ice Elementalist began the quest
                  | for the Orb.
     0 | D:1      | Reached XP level 1. HP: 11/11 MP: 3/3
   314 | D:1      | Reached XP level 2. HP: 6/17 MP: 0/5
  1708 | D:1      | Reached XP level 3. HP: 15/21 MP: 4/6
  1712 | D:1      | Reached skill level 5 in Ice Magic
  1862 | D:1      | Found a faded altar of an unknown god.
  2323 | D:2      | Noticed Jessica
  2326 | D:2      | Killed Jessica
  2327 | D:2      | Reached XP level 4. HP: 27/27 MP: 3/7
  2563 | D:2      | Found a glowing golden altar of the Shining One.
  2834 | D:3      | Learned a level 3 spell: Ozocubu's Armour
  2838 | D:3      | Learned a level 3 spell: Frozen Ramparts
  2909 | D:3      | Found a burning altar of Makhleb.
  2994 | D:3      | Found a transporter.
  2995 | D:3      | Found a transporter.
  3054 | D:3      | Noticed Icepheonix32's ghost (amateur MiFi)
  3124 | D:3      | Noticed an ogre
  3187 | D:3      | Reached skill level 6 in Ice Magic
  3189 | D:3      | Reached XP level 5. HP: 25/31 MP: 1/8
  3670 | D:3      | Killed an ogre
  3671 | D:3      | Reached skill level 7 in Ice Magic
  3671 | D:3      | Reached XP level 6. HP: 36/36 MP: 3/9
  3753 | D:3      | You fall into a shaft and drop 1 floor!
  3889 | D:4      | Found a transporter.
  4057 | D:4      | Found a shadowy altar of Dithmenos.
  4100 | D:4      | Found a transporter.
  4150 | D:4      | Noticed Edmund
  4159 | D:4      | Slain by Edmund

Illustrated notes

Levels and vault maps discovered:
D:1:      dpeg_arrival_oval, layout_loops_corners,
          ebering_ecumenical_altar_webs, serial_rivers,
          chequers_serial_rivers_marsh, chequers_serial_rivers_room_b,
          chequers_serial_rivers_micro_c, chequers_serial_rivers_small_b,
          st_stairs_11, dreamdust_princess_corridor
D:2:      layout_loops_ring, basic_altar, uniq_jessica
D:3:      layout_loops_ring, grunt_temple_overflow_growth_and_decay,
          lightli_temple_of_fire, gammafunk_ghost_gnarly_gnolls,
          nicolae_grassy_gnolls
D:4:      gammafunk_cloud_chamber, layout_basic, lemuel_doored_altar,
          uniq_edmund, uniq_menkaure

Skill      XL: |  1  2  3  4  5 |
---------------+----------------+-----
Ice Magic      | 5 6 7 |  7.6
Dodging        | |  2.0
Stealth        | |  2.6
Spellcasting   | |  2.0

Action                   |  1- 3 |  4- 6 || total
-------------------------+-------+-------++-------
Melee: Unarmed           |    10 |       ||    10
       Constrict         |     8 |    14 ||    22
       Tentacles         |     3 |    18 ||    21
       Club              |    16 |    42 ||    58
 Cast: Freeze            |    29 |    18 ||    47
       Frozen Ramparts   |       |     6 ||     6
       Ozocubu's Armour  |       |     5 ||     5
Evoke: Wand              |       |     2 ||     2
 Stab: Sleeping          |     1 |     7 ||     8
       Paralysed         |       |     6 ||     6
Armor: Skin              |     4 |     4 ||     8
Dodge: Dodged            |    30 |    40 ||    70
